 Dungeon Crawl Stone Soup version 0.27-a0-695-gb4952372f7 (webtiles) character file.

Game seed: 12282987012418241822

466 tilp the Stinger (level 6, -5/41 HPs)
             Began as a Demonspawn Venom Mage on Mar 21, 2021.
             Was an Initiate of Nemelex Xobeh.
             Slain by Menkaure (20 damage)
             ... on level 4 of the Dungeon.
             The game lasted 00:09:46 (5315 turns).

tilp the Stinger (Demonspawn Venom Mage)            Turns: 5315, Time: 00:09:47

Health: -5/41      AC:  8    Str:  8    XL:     6   Next: 81%
Magic:  12/12      EV: 12    Int: 18    God:    Nemelex Xobeh [......]
Gold:   161        SH:  0    Dex: 20    Spells: 1/13 levels left

rFire    . . .     SeeInvis .   a - +2 mace (vorpal)
rCold    . . .     Faith    .   (no shield)
rNeg     . . .     Spirit   .   b - +0 robe
rPois    .         Reflect  .   n - +0 helmet
rElec    .         Harm     .   (no cloak)
rCorr    .         Rampage  .   (no gloves)
Will     .....                  p - +0 pair of boots
Stlth    ++........             (no amulet)
HPRegen  0.13/turn              j - +6 ring of dexterity
MPRegen  0.13/turn              q - +4 ring of protection

@: no status effects
A: claws 2, talons 1
a: Renounce Religion, Draw Escape, Draw Destruction, Draw Summoning


You were on level 4 of the Dungeon.
You worshipped Nemelex Xobeh.
Nemelex Xobeh was noncommittal.
You visited 2 branches of the dungeon, and saw 5 of its levels.

You collected 161 gold pieces.

Inventory:

Hand Weapons
 a - a +2 vorpal mace (weapon)
Missiles
 k - 7 javelins
 m - 71 poisoned darts (quivered)
Armour
 b - a +0 robe (worn)
 n - a +0 helmet (worn)
 p - a +0 pair of boots (worn)
Jewellery
 j - a +6 ring of dexterity (right claw)
 q - a +4 ring of protection (left claw)
Wands
 t - a wand of digging (6)
Scrolls
 c - a scroll of summoning {unknown}
 e - 2 scrolls of teleportation
 f - 2 scrolls of identify {unknown}
 g - 2 scrolls of enchant weapon {unknown}
 o - a scroll of noise {unknown}
 u - a scroll of fog {unknown}
 w - a scroll of amnesia {unknown}
 x - a scroll of brand weapon {unknown}
Potions
 d - 2 potions of invisibility {unknown}
 h - 2 potions of mutation {unknown}
 i - a potion of flight {unknown}
 l - a potion of curing {unknown}
 r - a potion of cancellation {unknown}
 s - 2 potions of brilliance {unknown}
 v - 2 potions of heal wounds {unknown}


   Skills:
 - Level 1.7 Dodging
 - Level 1.7 Stealth
 - Level 4.0 Spellcasting
 - Level 2.0 Transmutations
 + Level 6.4 Poison Magic


You had one spell level left.
You knew the following spells:

 Your Spells              Type           Power      Damage    Failure   Level
a - Sting                 Tmut/Pois      72%        1d6       2%          1
b - Poisonous Vapours     Pois/Air       30%        N/A       6%          2
c - Ignite Poison         Fire/Tmut/Pois 13%        N/A       14%         3
d - Olgreb's Toxic Radia  Pois           26%        N/A       11%         4
e - Blink                 Tloc           N/A        N/A       22%         2

Your spell library contained the following spells:

 Spells                   Type           Power      Damage    Failure   Level
 Magic Dart               Conj           12%        1d3       14%         1
 Mephitic Cloud           Conj/Pois/Air  11%        N/A       19%         3
 Call Imp                 Summ           3%         N/A       22%         2
 Slow                     Hex            3%         N/A       22%         2
 Conjure Flame            Conj/Fire      3%         6-21      41%         3


Dungeon Overview and Level Annotations

Branches:
Dungeon (4/15)             Temple (1/1) D:4

Altars:
Cheibriados
Dithmenos
Elyvilon
Fedhas
Gozag
Hepliaklqana
Kikubaaqudgha
Makhleb
Nemelex Xobeh
Okawaru
Qazlal
Ru
Trog
Uskayaw
Vehumet
Wu Jian
Yredelemnul
Zin
The Shining One

Shops:
D:3 (

Annotations:
D:4 Grinder, Menkaure


Innate Abilities, Weirdness & Mutations

You have very sharp fingernails.
You have sharp toenails.


Message History

There is an open door here.
Menkaure is nearby!
Unknown command.
Menkaure shouts!
There is a stone staircase leading up, spattered with blood here.
You climb upwards.
There is a stone staircase leading down here.
There is an escape hatch in the ceiling here.
There is a stone staircase leading down here.
You climb downwards.
Level annotation: Grinder, Menkaure
There is a stone staircase leading up here.
There is an open door here.
There is an open door here.
There is an open door here.
There is an open door here.
You open the door.
There is an open door here.
You open the door.
There is an open door here.
Menkaure is nearby!
Unknown command.
There is an open door here.
You start waiting.
Menkaure is nearby!
Okay, then.
Menkaure shouts!
Menkaure calls on the powers of darkness!
Your body is wracked with pain!
Menkaure hits you!
* * * LOW HITPOINT WARNING * * *
You hit Menkaure but do no damage. Menkaure barely misses you.
You hit Menkaure but do no damage.
Menkaure gestures ominously.
Menkaure closely misses you.
You hit Menkaure.
Menkaure is moderately damaged.
Menkaure hits you!!
You die...
Your body disappears without a glow.

#............†)........
#.......#######........
#.......#.....'........
#.......'.....#........
..#.......#.....##+####+#
..'.......#.....##.......
.#.......#..............
######M##.....##...##..
#...@#......##...##..
#....#########.......
#....#.......#.......
#....#.......###'##'#
###############............#..
#...##.#...........).......#..
####......#........[..........#..
....#.....#.......##'####.....###
....#.....#.......'.....#........


You could see Menkaure.

Vanquished Creatures
  A sky beast (D:4)
  A kobold brigand (D:4)
  3 orc priests (D:4)
  An orc wizard (D:4)
  Robin (D:2)
  7 adders
  4 worms
  2 dart slugs
  4 leopard geckos
  7 orcs
  A giant cockroach (D:3)
  21 goblins
  12 hobgoblins
  7 jackals
  3 kobolds (D:2)
  2 quokkas
  A ball python (D:4)
  8 bats
  6 frilled lizards
  5 rats
97 creatures vanquished.

Notes
Turn   | Place    | Note
-------+----------+-------------------------------------------
     0 | D:1      | tilp the Demonspawn Venom Mage began the quest for the Orb.
     0 | D:1      | Reached XP level 1. HP: 13/13 MP: 3/3
   149 | D:1      | Gained mutation: You have sharp toenails. [demonic
                  | ancestry]
   149 | D:1      | Reached XP level 2. HP: 19/19 MP: 3/5
   282 | D:1      | Learned a level 2 spell: Poisonous Vapours
   724 | D:1      | Reached skill level 4 in Poison Magic
  1209 | D:2      | Gained mutation: You have sharp fingernails. [demonic
                  | ancestry]
  1209 | D:2      | Reached XP level 3. HP: 18/24 MP: 6/6
  1213 | D:2      | Learned a level 3 spell: Ignite Poison
  1670 | D:2      | Found a basalt altar of Yredelemnul.
  1849 | D:2      | Reached XP level 4. HP: 30/30 MP: 0/8
  2047 | D:2      | Learned a level 2 spell: Blink
  2291 | D:2      | Noticed Robin
  2297 | D:2      | Killed Robin
  3073 | D:3      | Reached skill level 1 in Transmutations
  3223 | D:3      | Found Azezapn's Antique Weapon Emporium.
  3230 | D:3      | Gained mutation: You have very sharp fingernails. [demonic
                  | ancestry]
  3230 | D:3      | Reached XP level 5. HP: 35/35 MP: 2/9
  3808 | D:4      | Reached skill level 5 in Poison Magic
  3966 | D:4      | Noticed Grinder
  4071 | D:4      | Reached XP level 6. HP: 31/41 MP: 7/11
  4076 | D:4      | Learned a level 4 spell: Olgreb's Toxic Radiance
  4178 | D:4      | Noticed a sky beast
  4197 | D:4      | Killed a sky beast
  4257 | D:4      | Noticed Menkaure
  4345 | D:4      | Found a staircase to the Ecumenical Temple.
  4377 | D:4      | Reached skill level 6 in Poison Magic
  4766 | Temple   | Entered the Ecumenical Temple
  4933 | Temple   | Became a worshipper of Nemelex Xobeh the Trickster
  5315 | D:4      | Slain by Menkaure

Illustrated notes

Levels and vault maps discovered:
D:1:      mainiacjoe_arrival_reflecting_pool, layout_basic
D:2:      minmay_wonky_spiral, layout_basic, nicolae_overflow_crystal_walls,
          serial_park_tiny_1, minmay_misc_feat_diagonals, uniq_robin
D:3:      layout_basic, serial_shops, nicolae_shop_stone
D:4:      layout_gridville, minmay_temple_entry_tees, uniq_menkaure,
          uniq_grinder
Temple:   regret_index_temple_mists

Skill      XL: |  1  2  3  4  5  6 |
---------------+-------------------+-----
Poison Magic   | 4 5 6 |  6.4
Spellcasting   | 3 4 |  4.0
Transmutations | 1 2 |  2.0
Dodging        | |  1.7
Stealth        | |  1.7

Action                   |  1- 3 |  4- 6 || total
-------------------------+-------+-------++-------
Melee: Club              |     6 |       ||     6
       Mace              |    19 |   115 ||   134
       Kick              |     2 |     1 ||     3
Throw: Dart              |       |     2 ||     2
 Cast: Sting             |    21 |     2 ||    23
       Poisonous Vapours |    23 |    39 ||    62
  Use: Scroll            |       |     1 ||     1
 Stab: Sleeping          |     1 |     4 ||     5
Armor: Robe              |     8 |    47 ||    55
Dodge: Dodged            |    30 |    99 ||   129

Table legend: (Time is in decaauts)
 A = Elapsed time spent in this place.
 B = Non-inter-level travel time spent in this place.
 C = Inter-level travel time spent in this place.
 D = Time resting spent in this place.
 E = Time spent auto-exploring this place.
 F = Levels seen in this place.
 G = Mean time per level.
                   A        B        C        D        E       F      G
               +--------+--------+--------+--------+--------+-----+--------+
         Total |   5427 |   5213 |    214 |    624 |   3784 |   5 | 1085.4 |
       Dungeon |   5179 |   4991 |    188 |    624 |   3576 |   4 | 1294.8 |
        Temple |    247 |    221 |     26 |      0 |    208 |   1 |  247.0 |
               +--------+--------+--------+--------+--------+-----+--------+

Top non-repeatable levels by time:
     D:2: 2154 daAuts
     D:4: 1339 daAuts
     D:1: 889 daAuts
     D:3: 796 daAuts
  Temple: 247 daAuts
